 Dungeon Crawl Stone Soup version 0.26-a0-6-g448add79b7 (webtiles) character file.

Game seed: 15808340279511011085, levelgen mode: deterministic

30910 Nixze the Impaler (level 13, -9/108 HPs)
             Began as a Merfolk Skald on May 24, 2020.
             Was a High Priest of Makhleb.
             Killed from afar by a rime drake (11 damage)
             ... with a flash freeze
             ... on level 4 of the Lair of Beasts.
             The game lasted 00:44:36 (19388 turns).

Nixze the Impaler (Merfolk Skald)                  Turns: 19388, Time: 00:44:37

Health: -9/108     AC: 16    Str: 15    XL:     13   Next: 54%
Magic:  13/22      EV: 13    Int: 14    God:    Makhleb [*****.]
Gold:   516        SH:  0    Dex: 13    Spells: 10/25 levels left

rFire    + + .     SeeInvis +   M - +2 glaive (flame)
rCold    . . .     Gourm    .   (shield currently unavailable)
rNeg     . . .     Faith    .   O - +3 ring mail {rF+}
rPois    .         Spirit   .   g - +2 hat
rElec    .         Reflect  .   k - +0 cloak
rCorr    .         Harm     .   J - +0 pair of gloves
MR       .....                  F - +0 pair of boots
Stlth    +.........             (no amulet)
HPRegen  0.28/turn              C - ring of protection from fire
MPRegen  0.18/turn              E - ring of see invisible

@: no status effects
A: change form in water, swift swim, stealthy swim
a: Minor Destruction, Lesser Servant of Makhleb, Major Destruction, Greater
Servant of Makhleb, Renounce Religion


You were on level 4 of the Lair of Beasts.
You worshipped Makhleb.
Makhleb was extremely pleased with you.
You were not hungry.

You visited 3 branches of the dungeon, and saw 16 of its levels.
You also visited: Ossuary and Volcano.

You collected 1031 gold pieces.
You spent 515 gold pieces at shops.

Inventory:

Hand Weapons
 M - a +2 glaive of flaming (weapon)
 N - a +0 trident of holy wrath
Missiles
 n - 66 poisoned darts (quivered)
 K - 4 curare-tipped darts
Armour
 g - a +2 hat (worn)
 k - a +0 cloak (worn)
 F - a +0 pair of boots (worn)
 I - the +2 chain mail "Gipash" {rPois Str+2}
   (You bought it in a shop on level 9 of the Dungeon)

   It affects your strength (+2).
   It protects you from poison.
 J - a +0 pair of gloves (worn)
 O - a +3 ring mail of fire resistance (worn)
Jewellery
 C - a ring of protection from fire (left hand)
 E - a ring of see invisible (right hand)
Wands
 j - a wand of acid (7)
 p - a wand of paralysis (22)
 r - a wand of digging (8)
 z - a wand of disintegration (9)
 A - a wand of clouds (2)
 G - a wand of random effects (22)
 R - a wand of enslavement (10)
 S - a wand of polymorph (6)
 U - a wand of iceblast (11)
Scrolls
 a - 5 scrolls of remove curse
 c - 5 scrolls of amnesia
 e - 2 scrolls of fog
 o - a scroll of noise {unknown}
 s - 2 scrolls of enchant armour {unknown}
 w - a scroll of acquirement {unknown}
 y - 3 scrolls of immolation
 B - 3 scrolls of identify
 L - 2 scrolls of teleportation
 P - a scroll of magic mapping
Potions
 b - a potion of berserk rage {unknown}
 f - 8 potions of curing
 h - 2 potions of mutation
 i - 3 potions of ambrosia
 l - 3 potions of might
 m - 6 potions of resistance
 t - a potion of invisibility {unknown}
 u - 4 potions of flight
 v - a potion of lignification {unknown}
 D - a potion of haste {unknown}
 H - a potion of stabbing
 Q - 2 potions of brilliance
 T - a potion of cancellation {unknown}
Miscellaneous
 V - a phantom mirror
Comestibles
 d - 18 rations


   Skills:
 + Level 12.1 Fighting
 + Level 16.3 Polearms
 - Level 10.0 Armour
 - Level 5.0 Dodging
 - Level 6.5 Spellcasting
 - Level 6.5 Hexes
 - Level 5.0 Charms
 - Level 3.0 Translocations
 * Level 6.9 Invocations


You had 10 spell levels left.
You knew the following spells:

 Your Spells              Type           Power        Failure   Level  Hunger
a - Infusion              Chrm           ###.         3%          1    None
b - Song of Slaying       Chrm           ###.....     4%          2    #......
c - Shroud of Golubria    Chrm/Tloc      ###...       8%          2    #......
d - Ozocubu's Armour      Chrm/Ice       ##......     26%         3    ##.....
e - Spectral Weapon       Hex/Chrm       ###.....     7%          3    ##.....
f - Slow                  Hex            ###.....     2%          2    #......
g - Blink                 Tloc           N/A          11%         2    #......

Your spell library contained the following spells:

 Spells                   Type           Power        Failure   Level  Hunger
 Corona                   Hex            ###....      1%          1    None
 Portal Projectile        Hex/Tloc       ###...       11%         3    ##.....
 Cause Fear               Hex            ###.......   17%         4    ####...
 Inner Flame              Hex/Fire       ##......     21%         3    ##.....
 Foxfire                  Conj/Fire      #...         26%         1    None
 Magic Dart               Conj           #...         26%         1    None
 Call Imp                 Summ           #.......     36%         2    #......
 Sublimation of Blood     Necr           #.........   36%         2    #......
 Leda's Liquefaction      Hex/Erth       ##........   54%         4    ####...
 Conjure Flame            Conj/Fire      #.......     58%         3    ##.....
 Ignite Poison            Fire/Tmut/Pois #.......     58%         3    ##.....
 Mephitic Cloud           Conj/Pois/Air  #.......     58%         3    ##.....
 Petrify                  Tmut/Erth      #.......     94%         4    ####...
 Sticky Flame             Conj/Fire      #.......     94%         4    ####...
 Alistair's Intoxication  Tmut/Pois      #.......     100%        5    ######.
 Fireball                 Conj/Fire      #.........   100%        5    ######.
 Irradiate                Conj/Tmut      #.........   100%        5    ######.
 Eringya's Noxious Bog    Tmut/Pois      #.........   100%        6    #######
 Starburst                Conj/Fire      #.........   100%        6    #######
 Ring of Flames           Chrm/Fire      ##........   100%        7    #######
 Ignition                 Fire           #.........   100%        8    #######


Dungeon Overview and Level Annotations

Branches:
Dungeon (10/15)            Temple (1/1) D:6            Lair (5/6) D:8
  Swamp (0/4) Lair:4       Spider (0/4) Lair:4          Orc (0/2) D:9
Ossuary (visited)         Volcano (visited)
  Slime: Lair:5-6

Altars:
Ashenzari
Cheibriados
Dithmenos
Elyvilon
Fedhas
Gozag
Hepliaklqana
Kikubaaqudgha
Makhleb
Nemelex Xobeh
Okawaru
Qazlal
Ru
Sif Muna
Trog
Uskayaw
Vehumet
Wu Jian
Xom
Yredelemnul
Zin
The Shining One

Shops:
D:9 [

Annotations:
D:10 Fannar, Joseph
Lair:3 Rupert


Message History

You slash the death yak!! You burn the death yak!
You kill the death yak!
Makhleb accepts your kill. The rime drake breathes ice at you.
The flash freeze misses you.
You are no longer magically infusing your attacks.
The rime drake breathes ice at you. The flash freeze hits you!!
* * * LOW HITPOINT WARNING * * *
You are encased in ice.
The rime drake bites you but does no damage. x2
The death yak gores you!
* * * LOW HITPOINT WARNING * * *
The ice encasing you melts away.
You slash the rime drake! You burn the rime drake.
The rime drake is heavily wounded.
Your song has ended.
The rime drake breathes ice at you. The flash freeze hits you!
You die...

###..#.### ###.. #.####
#P..# #...# ###.##
##.## ###...#. #..#
##....... ##.##
#........ #..#
#........ #..#
#......). #@.#
##....... #k###
#....... #Y..#
####...P.P #.#.##
#.#..#P.PP
####†#..#####........
##........#..'........
##P.#P.......##....<...
#...#.P>#...#.#........
###.#.....###.#........


You could see a death yak and a rime drake (catching breath).

Vanquished Creatures
  3 hydras
  Erica (D:9)
  A centaur warrior (Volcano)
  5 death yaks
  Nergalle (Lair:1)
  A hell knight (Volcano)
  2 lindwurms
  5 elephants (Lair:3)
  2 black mambas (Lair:3)
  3 yaktaurs (Volcano)
  8 spiny frogs
  3 rime drakes
  6 komodo dragons
  A troll (D:10)
  A jumping spider (Lair:4)
  Grinder (D:5)
  12 blink frogs
  2 bog bodies (Lair:4)
  4 hippogriffs
  A dream sheep (Lair:3)
  2 wyverns
  2 basilisks
  15 yaks
  2 hungry ghosts
  Menkaure (D:6)
  2 water moccasins
  5 porcupines
  An orc warrior (D:7)
  A black bear (D:10)
  A sky beast (D:10)
  5 ice beasts
  2 ogres
  3 phantoms
  20 wolves (Lair:1)
  7 centaurs
  8 crocodiles
  Blork the orc (D:4)
  2 big kobolds
  4 bullfrogs
  A wyvern skeleton (D:9)
  5 scorpions
  10 killer bees (D:10)
  5 wights (D:7)
  2 howler monkeys
  An electric eel (Lair:3)
  A centaur zombie (D:5)
  A bullfrog zombie (D:8)
  2 crimson imps
  6 hounds
  2 centaur skeletons
  3 orc priests
  A bullfrog skeleton (D:8)
  A jelly (D:8)
  9 orc wizards
  An iguana (D:7)
  8 worker ants
  4 hound skeletons
  8 mummies (Ossuary)
  3 adders
  6 gnolls
  A howler monkey skeleton (D:8)
  A river rat (D:6)
  A shadow imp (D:7)
  3 adder zombies
  3 adder skeletons
  2 worms
  4 dart slugs
  7 leopard geckos
  27 orcs
  A ball python (D:3)
  8 bats
  9 giant cockroaches
  2 gnoll zombies (Ossuary)
  6 hobgoblins
  12 jackals
  12 kobolds
  2 quokkas
  2 frilled lizards (D:2)
  7 goblins
  2 hobgoblin zombies (Ossuary)
  2 kobold zombies (Ossuary)
  A leopard gecko zombie (D:6)
  2 orc zombies (Ossuary)
  A quokka zombie (D:6)
  13 rats
358 creatures vanquished.

Vanquished Creatures (others)
  4 dream sheep (Lair:3)
  A bat (D:2)
  3 fungi (Lair:3)
  15 spectral weapons
23 creatures vanquished.

Grand Total: 381 creatures vanquished

Notes
Turn   | Place    | Note
-------+----------+-------------------------------------------
     0 | D:1      | Nixze the Merfolk Skald began the quest for the Orb.
     0 | D:1      | Reached XP level 1. HP: 16/16 MP: 3/3
   367 | D:1      | Reached skill level 4 in Polearms
   367 | D:1      | Reached XP level 2. HP: 19/22 MP: 0/5
  1210 | D:1      | Reached skill level 5 in Polearms
  1210 | D:1      | Reached XP level 3. HP: 10/27 MP: 1/6
  1678 | D:2      | Found a radiant altar of Vehumet.
  2017 | D:2      | Reached XP level 4. HP: 34/34 MP: 3/7
  2145 | D:2      | Found a glowing silver altar of Zin.
  2184 | D:2      | Found a white marble altar of Elyvilon.
  3546 | D:3      | Learned a level 2 spell: Song of Slaying
  3549 | D:3      | Learned a level 2 spell: Shroud of Golubria
  3622 | D:3      | Reached XP level 5. HP: 34/40 MP: 2/8
  4400 | D:4      | Found a stormy altar of Qazlal.
  4733 | D:4      | Noticed a centaur
  4772 | D:4      | Reached skill level 6 in Polearms
  4772 | D:4      | Reached XP level 6. HP: 46/47 MP: 1/10
  4869 | D:4      | Reached skill level 1 in Translocations
  5139 | D:4      | Got a crude spear
  5140 | D:4      | Identified the +8 spear "Fid Ruy" {vorpal, +Rage +Inv} (You
                  | found it on level 4 of the Dungeon)
  5315 | D:4      | Found a snail-covered altar of Cheibriados.
  5510 | D:4      | Noticed an ice beast
  5527 | D:4      | Killed an ice beast
  5527 | D:4      | Reached XP level 7. HP: 53/53 MP: 7/11
  5587 | D:4      | Noticed Blork the orc
  5598 | D:4      | Killed Blork the orc
  5629 | D:4      | Found a shimmering blue altar of Sif Muna.
  5951 | D:5      | Entered Level 5 of the Dungeon
  5971 | D:5      | Learned a level 3 spell: Ozocubu's Armour
  5975 | D:5      | Learned a level 3 spell: Spectral Weapon
  6045 | D:5      | Reached skill level 1 in Armour
  6125 | D:5      | Reached skill level 1 in Hexes
  6164 | D:5      | Noticed Grinder
  6164 | D:5      | Paralysed by Grinder for 5 turns
  6176 | D:5      | Paralysed by Grinder for 7 turns
  6189 | D:5      | Paralysed by Grinder for 6 turns
  6202 | D:5      | Killed Grinder
  6202 | D:5      | Reached skill level 7 in Polearms
  6202 | D:5      | Reached skill level 5 in Charms
  6202 | D:5      | Reached XP level 8. HP: 37/61 MP: 9/13
  7561 | D:5      | Found a shimmering altar of Xom.
  7562 | D:5      | Found a burning altar of Makhleb.
  7612 | D:5      | Became a worshipper of Makhleb the Destroyer
  7914 | D:6      | Found a sand-covered staircase.
  7920 | Ossuary  | Entered an ossuary
  8657 | D:6      | Found a staircase to the Ecumenical Temple.
  8659 | D:6      | Reached * piety under Makhleb
  8666 | D:6      | Noticed Menkaure
  8674 | D:6      | Killed Menkaure
  8677 | D:6      | Reached skill level 5 in Fighting
  8677 | D:6      | Reached XP level 9. HP: 63/68 MP: 9/15
  8867 | D:6      | Reached skill level 8 in Polearms
  9139 | D:6      | Found an ancient bone altar of Kikubaaqudgha.
  9288 | Temple   | Entered the Ecumenical Temple
  9815 | D:7      | Reached skill level 5 in Spellcasting
 10096 | D:7      | Found a bloodstained altar of Trog.
 10108 | D:7      | Reached skill level 5 in Armour
 10368 | D:7      | Found a sparkling altar of Nemelex Xobeh.
 10620 | D:8      | Found Zexkorph's Assorted Antiques.
 10661 | D:8      | Noticed a death yak
 10662 | D:8      | Noticed a death yak
 10681 | D:8      | Killed a death yak
 10681 | D:8      | Reached skill level 10 in Polearms
 10681 | D:8      | Reached skill level 5 in Hexes
 10681 | D:8      | Reached XP level 10. HP: 33/76 MP: 6/17
 10682 | D:8      | Noticed a death yak
 11010 | D:8      | Found a staircase to the Lair.
 11086 | D:7      | Killed a death yak
 11086 | D:7      | Reached skill level 11 in Polearms
 11496 | D:8      | Killed a death yak
 11496 | D:8      | Reached skill level 12 in Polearms
 11500 | D:8      | Reached ** piety under Makhleb
 11825 | D:8      | Reached skill level 13 in Polearms
 12374 | D:9      | Found a staircase to the Orcish Mines.
 12379 | D:9      | Found Vuaxt's Armour Shop.
 12437 | D:9      | Bought the +2 chain mail "Gipash" {rPois Str+2} for 448
                  | gold pieces
 12437 | D:9      | Bought a +0 pair of gloves for 67 gold pieces
 12523 | D:9      | Reached *** piety under Makhleb
 12659 | D:9      | Reached skill level 14 in Polearms
 12660 | D:9      | Noticed Erica
 12679 | D:9      | HP: 4/118 [acid (11)]
 12683 | D:9      | Killed Erica
 12683 | D:9      | Reached skill level 5 in Dodging
 12683 | D:9      | Reached XP level 11. HP: 5/84 MP: 3/19
 13103 | D:9      | Found an iron altar of Okawaru.
 13611 | D:9      | Found a basalt altar of Yredelemnul.
 13674 | D:10     | Entered Level 10 of the Dungeon
 13905 | D:10     | Reached **** piety under Makhleb
 14127 | D:10     | Noticed Fannar
 14148 | D:10     | Noticed Joseph
 14148 | D:10     | HP: 4/86 [Joseph/sling bullet (2)]
 14527 | Lair:1   | Entered Level 1 of the Lair of Beasts
 14649 | Lair:1   | Found a dark tunnel.
 14649 | Lair:1   | Noticed a lindwurm
 14662 | Lair:1   | Killed a lindwurm
 14669 | Volcano  | Entered a volcano
 14686 | Volcano  | Noticed a centaur warrior
 14689 | Volcano  | Found a radiant altar of Vehumet.
 14690 | Volcano  | Noticed a hell knight
 14700 | Volcano  | Killed a centaur warrior
 14792 | Volcano  | Killed a hell knight
 14792 | Volcano  | Reached XP level 12. HP: 56/96 MP: 4/21
 15427 | Lair:1   | Reached skill level 10 in Fighting
 15541 | Lair:1   | Reached ***** piety under Makhleb
 15803 | Lair:1   | Noticed Nergalle
 15813 | Lair:1   | Killed Nergalle
 16315 | Lair:2   | Noticed a six-headed hydra
 16322 | Lair:2   | Killed a three-headed hydra
 16956 | Lair:3   | Noticed a seven-headed hydra
 16960 | Lair:3   | Reached skill level 15 in Polearms
 16964 | Lair:3   | Killed a one-headed hydra
 16964 | Lair:3   | Reached skill level 10 in Armour
 17080 | Lair:3   | Got a scorched spear
 17081 | Lair:3   | Identified the +6 spear of Amorality {venom, rElec Int+6}
                  | (You found it on level 3 of the Lair of Beasts)
 17103 | Lair:3   | Reached skill level 1 in Invocations
 17216 | Lair:3   | Found a shimmering altar of Xom.
 17295 | Lair:3   | Reached XP level 13. HP: 106/106 MP: 12/22
 17554 | Lair:3   | Reached skill level 5 in Invocations
 17557 | Lair:3   | Reached skill level 16 in Polearms
 17979 | Lair:3   | Noticed Rupert
 17980 | Lair:3   | Paralysed by Rupert for 4 turns
 18005 | Lair:3   | HP: 1/107 [Rupert/+0 great mace of protection (20)]
 18502 | Lair:4   | Learned a level 2 spell: Slow
 18505 | Lair:4   | Learned a level 2 spell: Blink
 18580 | Lair:4   | Found a staircase to the Swamp.
 18937 | Lair:4   | Found a hole to the Spider Nest.
 19386 | Lair:4   | HP: 1/108 [death yak (9)]
 19388 | Lair:4   | Killed from afar by a rime drake

Illustrated notes

Levels and vault maps discovered:
D:1:      dpeg_arrival_triangle_fractal, layout_basic, dk_noncrumbling_3,
          minmay_3d_cube
D:2:      layout_basic, vehumet_crystals, zin_academy, columned_hall_lemuel,
          elyvilon_altar_4
D:3:      layout_basic
D:4:      layout_loops_cross, cheibriados_altar_1, old_standard_altar, tgw_sif,
          minmay_manual_monstrance
D:5:      layout_layer_cave, grunt_temple_overflow_champion_of_chaos,
          first_ration, uniq_grinder
D:6:      layout_loops_cross, lemuel_round_altar,
          minmay_temple_entry_drinking_statues, nicolae_ossuary_entry_plus,
          gup_sewer_entry_spiral, uniq_blork_the_orc, uniq_menkaure
D:7:      layout_loops_cross, bloody_trog, kennysheep_little_box
D:8:      layout_gridville, dpeg_lair_monsters, serial_shops, shop
D:9:      layout_basic, okawaru_altar_gauntlet_db, marbit_many_paths,
          orc_david_3, uniq_erica
D:10:     layout_long_grid, uniq_fannar, uniq_joseph, uniq_maurice
Temple:   cyrus_temple_forest
Lair:1:   layout_hall_layers, nicolae_volcano_entry_vermiform,
          hangedman_lair_generics_rect, grunt_megastairs_3, uniq_nergalle
Lair:2:   layout_long_grid, serial_bayou_shore_b
Lair:3:   layout_roguey, kb_xom_exploding_sheep, infiniplex_staircase_pool,
          serial_bayou_shore_b, grunt_megastairs_1, uniq_rupert
Lair:4:   layout_roguey, skrybe_swamp_entry_bodies, spider_nest_entry_a
Lair:5:   layout_small_grid, slime_altar_1, minivault_24,
          infiniplex_staircase_pool_2, uniq_nessos

Skill      XL: |  1  2  3  4  5  6  7  8  9 10 11 12 13 |
---------------+----------------------------------------+-----
Polearms       | 4 5 6 7 10 14 15 16 | 16.3
Dodging        | 3 4 5 |  5.0
Fighting       | 3 4 5 6 7 9 11 12 | 12.1
Charms         | 4 5 |  5.0
Translocations | 1 2 3 |  3.0
Spellcasting   | 3 4 5 6 |  6.5
Armour         | 1 3 5 6 8 10 | 10.0
Hexes          | 1 3 5 6 |  6.5
Invocations    | 3 6 |  6.9

Action                   |  1- 3 |  4- 6 |  7- 9 | 10-12 | 13-15 || total
-------------------------+-------+-------+-------+-------+-------++-------
Melee: Spear             |   115 |   204 |   228 |   456 |       ||  1003
       Glaive            |       |       |       |   129 |   102 ||   231
 Fire: Hunting sling     |       |     9 |       |       |       ||     9
Throw: Dart              |       |     6 |       |       |       ||     6
 Cast: Infusion          |    18 |    23 |    27 |    12 |     4 ||    84
       Shroud of Golubri |       |     3 |    18 |    26 |     5 ||    52
       Spectral Weapon   |       |       |    17 |    41 |    16 ||    74
       Song of Slaying   |       |       |       |    15 |     4 ||    19
 Abil: Evoke Berserk Rag |       |       |       |     1 |       ||     1
Evoke: Wand              |       |       |       |     1 |     1 ||     2
  Use: Scroll            |       |     6 |     3 |    10 |     2 ||    21
       Potion            |       |       |       |     6 |     1 ||     7
 Stab: Sleeping          |     1 |       |     1 |       |       ||     2
       Distracted        |       |       |     1 |     1 |     1 ||     3
       Fleeing           |       |       |       |     1 |       ||     1
  Eat: Chunk             |     4 |     8 |    18 |    20 |     4 ||    54
       Ration            |       |     1 |       |     2 |     1 ||     4
Armor: Leather armour    |    18 |    42 |    12 |       |       ||    72
       Ring mail         |       |       |     5 |   128 |    46 ||   179
       Chain mail        |       |       |       |    66 |       ||    66
Dodge: Dodged            |    33 |    98 |    59 |   277 |    79 ||   546

Table legend:
 A = Non-vault XP
 B = Vault XP
 C = Vault XP percentage of total XP
 D = Non-vault monster count
 E = Vault monster count
 F = Vault count percentage of total count
                 A         B        C        D         E       F
            +---------+---------+-------+---------+---------+-------
      Total |   30128 |   14030 |  31.8 |     277 |      81 |  22.6
            +---------+---------+-------+---------+---------+-------
        D:1 |      39 |       6 |  13.3 |      14 |       4 |  22.2
        D:2 |      84 |       0 |   0.0 |      30 |       0 |   0.0
        D:3 |     120 |       0 |   0.0 |      20 |       0 |   0.0
        D:4 |     280 |     415 |  59.7 |      12 |       6 |  33.3
        D:5 |     417 |     329 |  44.1 |      12 |       2 |  14.3
        D:6 |     579 |     198 |  25.5 |      10 |       7 |  41.2
        D:7 |    1136 |     876 |  43.5 |      25 |       1 |   3.8
        D:8 |    1114 |    2366 |  68.0 |      27 |       5 |  15.6
        D:9 |    1616 |    1011 |  38.5 |      19 |      14 |  42.4
       D:10 |    3072 |       0 |   0.0 |      29 |       0 |   0.0
     Lair:1 |    4741 |    3193 |  40.2 |      31 |       8 |  20.5
     Lair:2 |    2156 |       0 |   0.0 |       6 |       0 |   0.0
     Lair:3 |    9016 |    1571 |  14.8 |      26 |       7 |  21.2
     Lair:4 |    4901 |     794 |  13.9 |      15 |       3 |  16.7
     Lair:5 |     857 |       0 |   0.0 |       1 |       0 |   0.0
    Ossuary |       0 |     149 | 100.0 |       0 |      16 | 100.0
    Volcano |       0 |    3122 | 100.0 |       0 |       8 | 100.0
            +---------+---------+-------+---------+---------+-------
